 Dungeon Crawl Stone Soup version 0.25.1-2-g60ff931df9 (webtiles) character file.

Game seed: 12781070745755999211

31992 Delamore the Basher (level 13, -8/87 HPs)
             Began as a Gargoyle Fighter on Sept 1, 2020.
             Was the Champion of Okawaru.
             Mangled by Jorgrun
             ... wielding an uncursed staff of earth
              (15 damage)
             ... on level 1 of the Orcish Mines.
             The game lasted 00:20:54 (14838 turns).

Delamore the Basher (Gargoyle Fighter)             Turns: 14838, Time: 00:20:55

Health: -8/87      AC: 37    Str: 30    XL:     13   Next: 61%
Magic:  18/18      EV:  4    Int: 10    God:    Okawaru [******]
Gold:   819        SH: 13    Dex:  9    Spells: 12/12 levels left

rFire    . . .     SeeInvis .   U - +0 morningstar (protect)
rCold    + . .     Gourm    .   c - +0 kite shield
rNeg     + . .     Faith    +   i - +3 plate armour
rPois    ∞         Spirit   .   t - +0 helmet
rElec    +         Reflect  .   Y - scarf {repulsion}
rCorr    .         Harm     .   e - +0 pair of gloves
MR       .....                  y - +2 pair of boots {Stlth+}
Stlth    ..........             u - amulet of faith
HPRegen  0.24/turn              L - +6 ring of strength
MPRegen  0.16/turn              a - ring of protection from cold

@: mighty, grasped by roots, protection aura, constricted, lightly drained,
repel missiles
A: negative energy resistance 1, electricity resistance, unbreathing,
petrification resistance, rot immunity, AC +9
a: Heroism, Finesse, Renounce Religion


You were on level 1 of the Orcish Mines.
You worshipped Okawaru.
Okawaru was exalted by your worship.
You were hungry.

You visited 3 branches of the dungeon, and saw 15 of its levels.

You collected 954 gold pieces.
You spent 135 gold pieces at shops.

Inventory:

Hand Weapons
 U - a +0 morningstar of protection (weapon)
Missiles
 v - 7 boomerangs (quivered)
 B - 10 atropa-tipped darts
 V - 3 throwing nets
Armour
 c - a +0 kite shield (worn)
 e - a +0 pair of gloves (worn)
 i - a +3 plate armour (worn)
 t - a +0 helmet (worn)
 y - a +2 pair of boots of stealth (worn)
 z - a +1 tower shield of protection
 Y - a scarf of repulsion (worn)
Jewellery
 a - a ring of protection from cold (right hand)
 o - an uncursed amulet of reflection
 u - an amulet of faith (around neck)
 w - an uncursed ring of see invisible
 F - an uncursed ring of resist corrosion
 L - a +6 ring of strength (left hand)
Wands
 A - a wand of iceblast (18)
 I - a wand of enslavement (11)
 O - a wand of paralysis (4)
 Q - a wand of flame (7)
 R - a wand of disintegration (20)
Scrolls
 b - 6 scrolls of enchant armour
 g - 3 scrolls of enchant weapon
 k - 2 scrolls of teleportation
 l - a scroll of holy word {unknown}
 m - 3 scrolls of noise {unknown}
 D - 2 scrolls of amnesia {unknown}
 E - a scroll of fear
 G - 2 scrolls of fog {unknown}
 J - 2 scrolls of magic mapping {unknown}
 M - a scroll of immolation
 N - a scroll of identify
 P - a scroll of blinking {unknown}
 W - a scroll of silence {unknown}
 X - 2 scrolls of remove curse
Potions
 d - a potion of might
 h - a potion of invisibility
 j - a potion of flight {unknown}
 p - a potion of magic
 q - a potion of lignification {unknown}
 s - 3 potions of stabbing {unknown}
 x - 4 potions of mutation {unknown}
 C - 4 potions of brilliance {unknown}
 H - 2 potions of degeneration {unknown}
 K - a potion of cancellation {unknown}
 T - a potion of haste {unknown}
Miscellaneous
 S - a phial of floods
Comestibles
 f - 21 rations


   Skills:
 + Level 12.6(12.5) Fighting
 + Level 14.2(14.1) Maces & Flails
 - Level 5.0(4.9) Armour
 + Level 12.7(12.6) Shields
 - Level 7.0(6.9) Invocations


You had 12 spell levels left.
You didn't know any spells.
Your spell library contained the following spells:

 Spells                   Type           Power        Failure   Level  Hunger
 Animate Skeleton         Necr           N/A          99%         1    ##.....
 Apportation              Tloc           #.....       99%         1    ##.....
 Corona                   Hex            #......      99%         1    ##.....
 Summon Small Mammal      Summ           #...         99%         1    ##.....
 Confusing Touch          Hex            #.......     100%        3    ####...
 Gell's Gravitas          Tloc           #.........   100%        3    ####...
 Petrify                  Tmut/Erth      #.......     100%        4    #####..
 Metabolic Englaciation   Hex/Ice        #.........   100%        5    ######.
 Yara's Violent Unravell  Hex/Tmut       #.........   100%        5    ######.


Dungeon Overview and Level Annotations

Branches:
Dungeon (12/15)            Temple (1/1) D:7             Orc (2/2) D:12
   Lair: D:8-11         Elf: Orc:2

Altars:
Ashenzari
Cheibriados
Dithmenos
Elyvilon
Fedhas
Gozag
Hepliaklqana
Kikubaaqudgha
Makhleb
Nemelex Xobeh
Okawaru
Qazlal
Ru
Sif Muna
Trog
Uskayaw
Vehumet
Wu Jian
Xom
Yredelemnul
Zin
The Shining One
Beogh

Shops:
D:5 *   D:8 :   Orc:2 [

Annotations:
Orc:1 Jorgrun


Innate Abilities, Weirdness & Mutations

You are resistant to torment.
Your stone body is resilient. (AC +9)
You are immune to poison.
You resist negative energy. (rN+)
You are resistant to electric shocks. (rElec)
You can survive without breathing.
You are immune to petrification.
You are immune to rotting.


Message History

The blast of rock fragments hits you but does no damage.
The grasping roots constrict you.
You barely miss Jorgrun.
Jorgrun is heavily wounded.
Jorgrun hits you but does no damage.
* * * LOW HITPOINT WARNING * * *
The grasping roots constrict you.
You sock Jorgrun!
Jorgrun is severely wounded.
Jorgrun hits you but does no damage.
* * * LOW HITPOINT WARNING * * *
The grasping roots constrict you.
You puncture Jorgrun!
Jorgrun is severely wounded.
You miss Jorgrun.
Jorgrun is severely wounded.
Jorgrun casts a spell at you.
The wall shatters!
The blast of rock fragments hits you but does no damage.
You die...

.##...o.....
#..##.#.....>....
.................
..#.^...........
#.....o...#....
##.............
#....#.........
#....)#..## .
#...@....#..$.
#.....g##....#
##.#.........#
######.#### ###


You could see Jorgrun and an orc priest.

Vanquished Creatures
  Snorg (Orc:1)
  Erolcha (D:12)
  Fannar (D:12)
  3 hydras
  An ogre mage (D:11)
  A death knight (D:10)
  6 two-headed ogres
  A death yak (D:9)
  A tengu warrior (D:11)
  Nergalle (D:12)
  An unseen horror (D:11)
  A wizard (D:11)
  An orc sorcerer (Orc:1)
  An ugly thing (D:11)
  3 cyclopes
  A centaur zombie (D:12)
  Joseph (D:9)
  Psyche (D:11)
  2 gargoyles
  A kobold demonologist (D:11)
  6 trolls
  3 slime creatures (D:12)
  A hippogriff (D:11)
  17 yaks
  2 shadows
  A vampire (D:10)
  2 basilisks (D:11)
  A wraith (D:11)
  Eustachio (D:5)
  5 hungry ghosts
  A warg (Orc:1)
  Edmund (D:6)
  A soldier ant (D:11)
  An acid dragon (D:11)
  2 black bears
  2 ice beasts
  3 sky beasts
  19 orc warriors
  4 phantoms
  A necrophage (D:11)
  4 centaurs
  15 ogres
  A crocodile (D:9)
  6 big kobolds
  9 bullfrogs
  5 gnoll sergeants
  2 wyvern zombies
  A wyvern skeleton (D:10)
  3 scorpions
  18 killer bees (D:9)
  A wight (D:11)
  5 howler monkeys
  9 crimson imps
  3 bullfrog zombies
  2 jellies (D:12)
  A quasit (D:12)
  2 centaur skeletons
  12 orc priests
  2 bullfrog skeletons
  2 hounds
  6 orc wizards
  Terence (D:2)
  5 iguanas
  6 worker ants
  2 hound skeletons
  A hound zombie (D:5)
  A howler monkey zombie (D:10)
  Robin (D:3)
  A worker ant zombie (D:5)
  10 adders
  18 gnolls
  An ooze (D:2)
  An adder zombie (D:5)
  2 worms
  2 dart slugs
  6 leopard geckos
  68 orcs
  3 bats (D:2)
  A giant cockroach (D:7)
  18 goblins
  4 hobgoblins
  11 jackals
  5 quokkas
  4 frilled lizards
  A giant cockroach zombie (D:6)
  A jackal zombie (D:5)
  21 kobolds
  A quokka zombie (D:5)
  4 rats
413 creatures vanquished.

Vanquished Creatures (others)
  An orc (Orc:1)
  A quokka (D:12)
2 creatures vanquished.

Grand Total: 415 creatures vanquished

Notes
Turn   | Place    | Note
-------+----------+-------------------------------------------
     0 | D:1      | Delamore the Gargoyle Fighter began the quest for the Orb.
     0 | D:1      | Reached XP level 1. HP: 14/14 MP: 1/1
   439 | D:1      | Reached XP level 2. HP: 17/19 MP: 2/2
   970 | D:2      | Reached XP level 3. HP: 19/23 MP: 3/3
  1186 | D:2      | Noticed Terence
  1201 | D:2      | Killed Terence
  1201 | D:2      | Reached XP level 4. HP: 29/29 MP: 4/4
  1467 | D:2      | Found a faded altar of an unknown god.
  1969 | D:3      | Found a shadowy altar of Dithmenos.
  1970 | D:3      | Noticed Robin
  1971 | D:3      | Found an opulent altar of Gozag.
  1971 | D:3      | Found a hazy altar of Hepliaklqana.
  2024 | D:3      | Killed Robin
  2024 | D:3      | Reached skill level 3 in Maces & Flails
  2024 | D:3      | Reached XP level 5. HP: 19/33 MP: 5/5
  2032 | D:3      | Found a blossoming altar of Fedhas.
  3124 | D:4      | Reached XP level 6. HP: 36/39 MP: 6/6
  3828 | D:5      | Entered Level 5 of the Dungeon
  3920 | D:5      | Noticed Eustachio
  4053 | D:5      | Killed Eustachio
  4053 | D:5      | Reached skill level 5 in Fighting
  4053 | D:5      | Reached skill level 4 in Maces & Flails
  4053 | D:5      | Reached skill level 5 in Armour
  4053 | D:5      | Reached skill level 5 in Shields
  4053 | D:5      | Reached XP level 7. HP: 42/44 MP: 7/7
  4301 | D:5      | Found Gonwawk's Assorted Antiques.
  4314 | D:5      | Bought a triangular fluorescent amulet for 135 gold pieces
  4347 | D:5      | Reached skill level 5 in Maces & Flails
  4864 | D:6      | Noticed Edmund
  4884 | D:5      | Reached skill level 6 in Maces & Flails
  5146 | D:6      | Killed Edmund
  5146 | D:6      | Reached skill level 7 in Maces & Flails
  5146 | D:6      | Reached XP level 8. HP: 39/49 MP: 8/8
  5634 | D:6      | Reached skill level 8 in Maces & Flails
  6070 | D:7      | Reached skill level 9 in Maces & Flails
  6470 | D:7      | Found a staircase to the Ecumenical Temple.
  6480 | Temple   | Entered the Ecumenical Temple
  6566 | Temple   | Became a worshipper of Warmaster Okawaru
  6588 | D:7      | Reached XP level 9. HP: 54/54 MP: 9/9
  6637 | D:7      | Reached skill level 10 in Maces & Flails
  6915 | D:8      | Found Reoczits's Book Shoppe.
  7095 | D:8      | Noticed a death yak
  7096 | D:8      | Noticed a death yak
  7101 | D:8      | Noticed a death yak
  7257 | D:9      | Reached skill level 11 in Maces & Flails
  7274 | D:9      | Noticed Joseph
  7304 | D:9      | Reached * piety under Okawaru
  7701 | D:9      | Reached skill level 12 in Maces & Flails
  7751 | D:9      | Killed Joseph
  7751 | D:9      | Reached ** piety under Okawaru
  7751 | D:9      | Reached XP level 10. HP: 34/59 MP: 10/10
  7768 | D:9      | Killed a death yak
  7768 | D:9      | Reached skill level 13 in Maces & Flails
  8234 | D:9      | Reached *** piety under Okawaru
  8358 | D:9      | Noticed a two-headed ogre
  8366 | D:9      | Killed a two-headed ogre
  8419 | D:9      | Reached skill level 14 in Maces & Flails
  8577 | D:9      | Reached skill level 1 in Invocations
  9056 | D:10     | Entered Level 10 of the Dungeon
  9070 | D:9      | Reached **** piety under Okawaru
  9070 | D:9      | Reached XP level 11. HP: 61/64 MP: 11/13
  9516 | D:10     | Noticed a cyclops
  9530 | D:10     | Killed a cyclops
  9843 | D:10     | Noticed a two-headed ogre
  9851 | D:10     | Killed a two-headed ogre
  9851 | D:10     | Reached ***** piety under Okawaru
  9851 | D:10     | Reached skill level 5 in Invocations
 10289 | D:11     | Noticed Psyche
 10296 | D:11     | Killed Psyche
 10434 | D:11     | Noticed a wizard
 10457 | D:11     | Killed a wizard
 10457 | D:11     | Received a gift from Okawaru
 10520 | D:11     | Noticed an unseen horror
 10543 | D:11     | Killed an unseen horror
 10635 | D:11     | Noticed a two-headed ogre
 10646 | D:11     | Killed a two-headed ogre
 10646 | D:11     | Reached XP level 12. HP: 76/76 MP: 15/15
 10681 | D:11     | Noticed an ogre mage
 10681 | D:11     | Noticed a tengu warrior
 10690 | D:11     | Noticed a four-headed hydra
 10690 | D:11     | Noticed a two-headed ogre
 10693 | D:11     | Killed a tengu warrior
 10708 | D:11     | Killed an ogre mage
 10725 | D:11     | Noticed a two-headed ogre
 10729 | D:11     | Killed a two-headed ogre
 10729 | D:11     | Reached skill level 10 in Shields
 10825 | D:11     | Reached skill level 10 in Fighting
 10996 | D:11     | Noticed a death knight
 11291 | D:10     | Killed a death knight
 11756 | D:11     | Killed a four-headed hydra
 11972 | D:11     | Identified the +8 trident of Internal Strife {vorpal, +Fly
                  | SInv}
 12147 | D:11     | Noticed a seven-headed hydra
 12154 | D:11     | Killed a seven-headed hydra
 12154 | D:11     | Received a gift from Okawaru
 12154 | D:11     | Received a gift from Okawaru
 12241 | D:11     | Killed a two-headed ogre
 12593 | D:12     | Noticed a two-headed ogre
 12602 | D:12     | Killed a two-headed ogre
 12602 | D:12     | Reached XP level 13. HP: 81/85 MP: 17/17
 12620 | D:12     | Noticed Nergalle
 12645 | D:12     | Killed Nergalle
 12669 | D:12     | Noticed Erolcha
 12691 | D:12     | Killed Erolcha
 12949 | D:12     | Found a roughly hewn altar of Beogh.
 12995 | D:12     | Noticed Fannar
 13234 | D:12     | Killed Fannar
 13875 | D:12     | Found a staircase to the Orcish Mines.
 14015 | D:12     | Found a white marble altar of Elyvilon.
 14058 | D:12     | Reached ****** piety under Okawaru
 14088 | D:12     | Received a gift from Okawaru
 14293 | Orc:1    | Entered Level 1 of the Orcish Mines
 14348 | Orc:1    | Noticed Snorg
 14363 | Orc:1    | Killed Snorg
 14667 | Orc:2    | Entered Level 2 of the Orcish Mines
 14667 | Orc:2    | Found Oghemio's Armour Shoppe.
 14695 | Orc:1    | Received a gift from Okawaru
 14811 | Orc:1    | Noticed Jorgrun
 14838 | Orc:1    | Mangled by Jorgrun

Illustrated notes

Levels and vault maps discovered:
D:1:      dpeg_arrival_erosion, layout_basic
D:2:      layout_basic, chequers_ecumenical_altar_twisty, uniq_terence
D:3:      layout_loops_ring, grunt_temple_overflow_open, uniq_robin
D:4:      layout_basic, first_ration
D:5:      layout_basic, serial_shops, shop, st_stairs_8, uniq_eustachio
D:6:      layout_gridville, grunt_ministairs_6, uniq_edmund
D:7:      layout_cave_pools, temple_fountains
D:8:      layout_cave_pools, dpeg_lair_monsters, serial_shops, shop, the_bakery
D:9:      layout_long_grid, uniq_joseph
D:10:     layout_cave_pools
D:11:     minmay_the_grid_octo_tiled_squarecenter_mashed
          [minmay_the_grid_octo_checkered, minmay_the_grid_octo_pinwheel,
          minmay_the_grid_octo_77, minmay_the_grid_octo_teeth,
          minmay_the_grid_square_5x5_megaprize_open,
          minmay_the_grid_square_5x5_meh, minmay_the_grid_square_5x5_three,
          minmay_the_grid_square_5x5_slash,
          minmay_the_grid_square_5x5_checkered_statues], layout_stronghold,
          uniq_psyche
D:12:     layout_roguey [special_room_orc],
          kennysheep_orc_monster_closet_entryway, elyvilon_altar_4, uniq_fannar,
          uniq_nergalle, uniq_erolcha
Temple:   compressed_dpeg_circular_temple
Orc:1:    layout_caves, uniq_snorg, uniq_jorgrun
Orc:2:    st_orc_ogre_mass, layout_diamond_mine, serial_shops, shop_statue

Skill      XL: |  1  2  3  4  5  6  7  8  9 10 11 12 13 |
---------------+----------------------------------------+-----
Shields        | 4 5 9 11 12 | 12.7
Armour         | 4 5 |  5.0
Fighting       | 4 5 9 11 12 | 12.6
Maces & Flails | 3 4 7 9 12 14 | 14.2
Invocations    | 2 5 7 |  7.0

Action                   |  1- 3 |  4- 6 |  7- 9 | 10-12 | 13-15 || total
-------------------------+-------+-------+-------+-------+-------++-------
Melee: Flail             |   123 |   271 |   511 |   787 |   357 ||  2049
       Morningstar       |       |       |       |       |   195 ||   195
Throw: Boomerang         |       |     9 |    11 |    27 |       ||    47
Evoke: Wand              |       |       |       |     3 |       ||     3
  Use: Scroll            |       |       |     9 |     6 |     1 ||    16
       Potion            |       |       |     6 |     1 |     3 ||    10
 Stab: Invisible         |       |       |    11 |       |       ||    11
  Eat: Chunk             |     1 |     8 |    15 |    17 |     4 ||    45
       Ration            |       |       |     2 |     1 |     1 ||     4
Armor: Plate armour      |   131 |    11 |       |   223 |   286 ||   651
       Scale mail        |       |   269 |   215 |   164 |       ||   648
       Skin              |       |       |    20 |       |       ||    20
Dodge: Dodged            |    23 |   131 |   246 |   238 |   125 ||   763
       Repelled          |       |       |       |       |     3 ||     3
Block: Kite shield       |    70 |   206 |   305 |   398 |   421 ||  1400
